TOP OF THE 1ST |
Memphis Redbirds batting - Pitching for Sacramento River Cats : RHP Dave Crouch
|
Pitching: RHP Dave Crouch
|
|
Batting: LHB Adam Eisen
|
0-0: Swinging Strike 0-1: Called Strike 0-2: Ground out 4-3 (Groundball, 4M, EV 85.0 MPH)
|
Batting: RHB Fabrice Bertin
|
0-0: Ball 1-0: Bunt for hit to 23 - play at first, batter safe!
|
Batting: LHB Kyle Schaible
|
0-0: Ball 1-0: Fielders Choice at 2nd, 4-6 (Groundball, 4S, EV 85.0 MPH)
|
Batting: RHB Jeff Brower
|
0-0: Foul Ball, location: 2F 0-1: Fielders Choice at 2nd, 6-4 (Groundball, 6, EV 89.4 MPH)
|
Top of the 1st over - 0 runs, 1 hit, 0 errors, 1 left on base; Memphis 0 - Sacramento 0 |
BOTTOM OF THE 1ST |
Sacramento River Cats batting - Pitching for Memphis Redbirds : RHP Doug Nickey
|
Pitching: RHP Doug Nickey
|
|
Batting: RHB Hugo Zacarias
|
0-0: Ball 1-0: Ball 2-0: Swinging Strike 2-1: Foul Ball, location: 2F 2-2: Strikes out swinging
|
Batting: LHB Mason Duffy
|
0-0: Called Strike 0-1: Foul Ball, location: 2F 0-2: Foul Ball, location: 2F 0-2: Ball 1-2: Strikes out swinging
|
Batting: LHB Terry Ebersole
|
0-0: Ball 1-0: Foul Ball, location: 2F 1-1: DOUBLE (Groundball, 3L, EV 105.0 MPH)
|
Batting: LHB Willie Ceniceros
|
0-0: DOUBLE (Line Drive, 9LS, EV 111.9 MPH) Terry Ebersole scores
|
Batting: RHB Brian Rogers
|
0-0: Called Strike 0-1: Ball 1-1: SINGLE (Line Drive, 78S, EV 92.5 MPH) Willie Ceniceros to third Runner from 3rd tries for Home, SAFE, throw by LF to home
|
Batting: RHB Cesar Martinez
|
0-0: Called Strike 0-1: Ball 1-1: Ball 2-1: Swinging Strike 2-2: Ball 3-2: Fly out, F9 (Flyball, 89S, EV 91.2 MPH)
|
Bottom of the 1st over - 2 runs, 3 hits, 0 errors, 1 left on base; Memphis 0 - Sacramento 2 |
TOP OF THE 2ND |
Memphis Redbirds batting - Pitching for Sacramento River Cats : RHP Dave Crouch
|
Batting: LHB Ronnie Ashley
|
0-0: Foul Ball, location: 2F 0-1: Ball 1-1: Ground out U3 (Groundball, 3S, EV 90.0 MPH)
|
Batting: RHB Dan Boykins
|
0-0: Called Strike 0-1: Ball 1-1: Called Strike 1-2: Fly out, F8 (Line Drive, 8RM, EV 99.4 MPH)
|
Batting: LHB John Bailey
|
0-0: Foul Ball, location: 2F 0-1: Foul Ball, location: 2F 0-2: Foul Ball, location: 2F 0-2: Strikes out looking
|
Top of the 2nd over - 0 runs, 0 hits, 0 errors, 0 left on base; Memphis 0 - Sacramento 2 |
BOTTOM OF THE 2ND |
Sacramento River Cats batting - Pitching for Memphis Redbirds : RHP Doug Nickey
|
Batting: RHB Justin Baldwin
|
0-0: Called Strike 0-1: Ball 1-1: SOLO HOME RUN (Line Drive, 89XD, EV 115.6 MPH), Distance : 454 ft
|
Batting: RHB Nick Wicker
|
0-0: Swinging Strike 0-1: Ball 1-1: Called Strike 1-2: Ball 2-2: Fly out, F9 (Line Drive, 9D, EV 93.1 MPH)
|
Batting: RHB Dave Crouch
|
0-0: Foul Ball, location: 2F 0-1: Ball 1-1: DOUBLE (Line Drive, 3D, EV 108.1 MPH)
|
Batting: RHB Hugo Zacarias
|
0-0: Ball 1-0: Called Strike 1-1: Ball 2-1: Swinging Strike 2-2: Strikes out swinging
|
Batting: LHB Mason Duffy
|
0-0: Ball 1-0: Foul Ball, location: 2F 1-1: Swinging Strike 1-2: Strikes out swinging
|
Bottom of the 2nd over - 1 run, 2 hits, 0 errors, 1 left on base; Memphis 0 - Sacramento 3 |
TOP OF THE 3RD |
Memphis Redbirds batting - Pitching for Sacramento River Cats : RHP Dave Crouch
|
Batting: RHB Josh Martin
|
0-0: Called Strike 0-1: Ball 1-1: Ball 2-1: Ball 3-1: Bunt for hit to 3S - play at first, batter safe!
|
Batting: RHB Fortunato Fteira
|
0-0: Called Strike 0-1: Called Strike 0-2: Strikes out swinging
|
Batting: LHB Adam Eisen
|
0-0: Called Strike Josh Martin steals 2nd base 0-1: Ball 1-1: Ball 2-1: Ball 3-1: Called Strike 3-2: Ground out 3-1 (Groundball, 34S, EV 81.2 MPH) Josh Martin to third
|
Batting: RHB Fabrice Bertin
|
0-0: Called Strike 0-1: Called Strike 0-2: Ball 1-2: SINGLE (Groundball, 5S, EV 73.1 MPH) (infield hit) Josh Martin scores
|
Batting: LHB Kyle Schaible
|
0-0: Called Strike Fabrice Bertin steals 2nd base (no throw) 0-1: Ball 1-1: Called Strike 1-2: Ball 2-2: Ball 3-2: Foul Ball, location: 2F 3-2: Foul Ball, location: 2F 3-2: Foul Ball, location: 2F 3-2: Base on Balls
|
Batting: RHB Jeff Brower
|
0-0: Ball 1-0: Ball 2-0: Ground out 3-1 (Groundball, 34, EV 104.4 MPH)
|
Top of the 3rd over - 1 run, 2 hits, 0 errors, 2 left on base; Memphis 1 - Sacramento 3 |
BOTTOM OF THE 3RD |
Sacramento River Cats batting - Pitching for Memphis Redbirds : RHP Doug Nickey
|
Batting: LHB Terry Ebersole
|
0-0: Ground out 3-1 (Groundball, 34, EV 81.9 MPH)
|
Batting: LHB Willie Ceniceros
|
0-0: Called Strike 0-1: Ball 1-1: Foul Ball, location: 2F 1-2: Foul Ball, location: 2F 1-2: Strikes out swinging
|
Batting: RHB Brian Rogers
|
0-0: Ball 1-0: Foul Ball, location: 2F 1-1: Called Strike 1-2: Ground out 5-3 (Groundball, 5L, EV 83.8 MPH)
|
Bottom of the 3rd over - 0 runs, 0 hits, 0 errors, 0 left on base; Memphis 1 - Sacramento 3 |
TOP OF THE 4TH |
Memphis Redbirds batting - Pitching for Sacramento River Cats : RHP Dave Crouch
|
Batting: LHB Ronnie Ashley
|
0-0: Ball 1-0: Called Strike 1-1: Ball 2-1: Ball 3-1: Called Strike 3-2: Strikes out swinging
|
Batting: RHB Dan Boykins
|
0-0: Ball 1-0: Called Strike 1-1: Swinging Strike 1-2: Foul Ball, location: 2F 1-2: Foul Ball, location: 2F 1-2: Ground out 5-3 (Groundball, 56S, EV 89.4 MPH)
|
Batting: LHB John Bailey
|
0-0: Ball 1-0: Foul Ball, location: 2F 1-1: Ball 2-1: Foul Ball, location: 2F 2-2: Foul Ball, location: 2F 2-2: Ball 3-2: Base on Balls
|
Batting: RHB Josh Martin
|
0-0: Ball 1-0: Foul Ball, location: 2F 1-1: Called Strike 1-2: Ball 2-2: Ball 3-2: Foul Ball, location: 2F 3-2: Base on Balls John Bailey to second
|
Batting: RHB Fortunato Fteira
|
0-0: Ball 1-0: Ground out 1-3 (Groundball, P, EV 66.9 MPH)
|
Top of the 4th over - 0 runs, 0 hits, 0 errors, 2 left on base; Memphis 1 - Sacramento 3 |
BOTTOM OF THE 4TH |
Sacramento River Cats batting - Pitching for Memphis Redbirds : RHP Doug Nickey
|
Batting: RHB Cesar Martinez
|
0-0: Called Strike 0-1: SINGLE (Line Drive, 9S, EV 93.1 MPH)
|
Batting: RHB Justin Baldwin
|
0-0: Ball Cesar Martinez steals 2nd base 1-0: Ball 2-0: Ball 3-0: Base on Balls
|
Batting: RHB Nick Wicker
|
0-0: Fielders Choice at 2nd, 5-4 (Groundball, 25, EV 81.9 MPH) Cesar Martinez to third
|
Batting: RHB Dave Crouch
|
0-0: Called Strike 0-1: Grounds into double play, 4-6-3 (Groundball, 34, EV 83.1 MPH)
|
Bottom of the 4th over - 0 runs, 1 hit, 0 errors, 1 left on base; Memphis 1 - Sacramento 3 |
TOP OF THE 5TH |
Memphis Redbirds batting - Pitching for Sacramento River Cats : RHP Dave Crouch
|
Batting: LHB Adam Eisen
|
0-0: Called Strike 0-1: SINGLE (Groundball, 5L, EV 88.1 MPH) (infield hit)
|
Batting: RHB Fabrice Bertin
|
0-0: Called Strike 0-1: Foul Ball, location: 2F 0-2: Fly out, F8 (Flyball, 8LD, EV 96.2 MPH)
|
Batting: LHB Kyle Schaible
|
0-0: Ball 1-0: Swinging Strike 1-1: Ball Adam Eisen steals 2nd, throwing error, E2 Adam Eisen to third 2-1: Called Strike 2-2: Ball 3-2: Base on Balls
|
Batting: RHB Jeff Brower
|
0-0: Ball 1-0: Called Strike 1-1: Ball 2-1: DOUBLE (Line Drive, 9LM, EV 114.4 MPH) Adam Eisen scores Kyle Schaible to third
|
Batting: LHB Ronnie Ashley
|
0-0: Ball 1-0: Fly out, F7 (Flyball, 78XD, EV 93.1 MPH) Runner from 3rd tags up, SCORES, no throw by LF
|
Pitching: LHP Mike del Rio
|
|
Batting: RHB Dan Boykins
|
0-0: Called Strike 0-1: Ball 1-1: Swinging Strike 1-2: Ball 2-2: Ball 3-2: SINGLE (Flyball, 9, EV 94.4 MPH) Jeff Brower to third
|
Batting: LHB John Bailey
|
0-0: Foul Ball, location: 2F 0-1: Ball 1-1: Swinging Strike 1-2: Foul Ball, location: 2F 1-2: Ball 2-2: Strikes out swinging
|
Top of the 5th over - 2 runs, 3 hits, 1 error, 2 left on base; Memphis 3 - Sacramento 3 |
BOTTOM OF THE 5TH |
Sacramento River Cats batting - Pitching for Memphis Redbirds : RHP Doug Nickey
|
Batting: RHB Hugo Zacarias
|
0-0: Ball 1-0: Ball 2-0: Foul Ball, location: 2F 2-1: Foul Ball, location: 2F 2-2: Foul Ball, location: 2F 2-2: Ball 3-2: Foul Ball, location: 2F 3-2: Base on Balls
|
Batting: LHB Mason Duffy
|
0-0: Ball 1-0: Ball 2-0: Foul Ball, location: 2F 2-1: Swinging Strike 2-2: Ball 3-2: Fielders Choice at 2nd, 4-6 (Groundball, 34, EV 83.8 MPH)
|
Batting: LHB Terry Ebersole
|
0-0: Ball 1-0: Foul Ball, location: 2F 1-1: Called Strike 1-2: Ball 2-2: Foul Ball, location: 2F 2-2: Ball 3-2: Base on Balls Mason Duffy to second
|
Batting: LHB Willie Ceniceros
|
0-0: Ball 1-0: Foul Ball, location: 2F 1-1: Ball 2-1: Swinging Strike 2-2: Ball 3-2: Fly out, F9 (Line Drive, 9S, EV 89.4 MPH)
|
Batting: RHB Brian Rogers
|
0-0: DOUBLE (Line Drive, 5D, EV 103.1 MPH) Mason Duffy scores Terry Ebersole to third
|
Batting: RHB Cesar Martinez
|
0-0: Swinging Strike 0-1: Called Strike 0-2: Ball 1-2: Foul Ball, location: 2F 1-2: Ball 2-2: SINGLE (Groundball, 56S, EV 66.2 MPH) (infield hit) Terry Ebersole scores Brian Rogers to third
|
Pitching: LHP Michael Twigg
|
|
Batting: RHB Justin Baldwin
|
0-0: Ball 1-0: Foul Ball, location: 2F 1-1: Called Strike Cesar Martinez is caught stealing 2nd base 2-4
|
Bottom of the 5th over - 2 runs, 2 hits, 0 errors, 1 left on base; Memphis 3 - Sacramento 5 |
TOP OF THE 6TH |
Memphis Redbirds batting - Pitching for Sacramento River Cats : LHP Mike del Rio
|
Batting: RHB Josh Martin
|
0-0: Ball 1-0: Swinging Strike 1-1: Ball 2-1: Foul Ball, location: 2F 2-2: Ball 3-2: Strikes out looking
|
Batting: RHB Fortunato Fteira
|
0-0: Called Strike 0-1: Ball 1-1: Ball 2-1: SINGLE (Groundball, 6D, EV 103.8 MPH)
|
Batting: LHB Adam Eisen
|
0-0: Ball 1-0: Swinging Strike 1-1: Ball 2-1: Ground out 4-3 (Groundball, 34D, EV 104.4 MPH) Fortunato Fteira to second
|
Batting: RHB Fabrice Bertin
|
0-0: Ball 1-0: Ground out 5-3 (Groundball, 56, EV 92.5 MPH)
|
Top of the 6th over - 0 runs, 1 hit, 0 errors, 1 left on base; Memphis 3 - Sacramento 5 |
BOTTOM OF THE 6TH |
Sacramento River Cats batting - Pitching for Memphis Redbirds : LHP Michael Twigg
|
Batting: RHB Justin Baldwin
|
0-0: Foul Ball, location: 2F 0-1: Ground out 1-3 (Groundball, 13, EV 73.8 MPH)
|
Batting: RHB Nick Wicker
|
0-0: Called Strike 0-1: Ball 1-1: Called Strike 1-2: Foul Ball, location: 2F 1-2: Ball 2-2: Ball 3-2: Strikes out looking
|
Batting: RHB Dave Crouch
|
0-0: Swinging Strike 0-1: Ball 1-1: Swinging Strike 1-2: DOUBLE (Line Drive, 89D, EV 108.1 MPH)
|
Batting: RHB Hugo Zacarias
|
0-0: Ball 1-0: Ball 2-0: Ball 3-0: Called Strike 3-1: Base on Balls
|
Batting: LHB Mason Duffy
|
0-0: Ball 1-0: Ball 2-0: Ball 3-0: Swinging Strike 3-1: Ground out U3 (Groundball, 34, EV 86.9 MPH)
|
Bottom of the 6th over - 0 runs, 1 hit, 0 errors, 2 left on base; Memphis 3 - Sacramento 5 |
TOP OF THE 7TH |
Memphis Redbirds batting - Pitching for Sacramento River Cats : LHP Mike del Rio
|
Pitching: RHP Doug Kennie
|
|
Now at 1B: Brian Rogers
|
|
Now at 2B: Matt Shepard
|
|
Now at 3B: Kevin Kantor
|
|
Batting: LHB Kyle Schaible
|
0-0: Ball 1-0: SINGLE (Line Drive, 7S, EV 104.4 MPH)
|
Batting: RHB Jeff Brower
|
0-0: Ball 1-0: Foul Ball, location: 2F 1-1: Swinging Strike 1-2: Ball 2-2: Foul Ball, location: 2F 2-2: Strikes out swinging
|
Batting: LHB Ronnie Ashley
|
0-0: Ball 1-0: Called Strike 1-1: Fly out, F8 (Flyball, 8RD, EV 84.4 MPH)
|
Batting: RHB Dan Boykins
|
0-0: Foul Ball, location: 2F 0-1: Ball 1-1: Fly out, F8 (Flyball, 8LS, EV 91.2 MPH)
|
Top of the 7th over - 0 runs, 1 hit, 0 errors, 1 left on base; Memphis 3 - Sacramento 5 |
BOTTOM OF THE 7TH |
Sacramento River Cats batting - Pitching for Memphis Redbirds : LHP Michael Twigg
|
Pitching: LHP John Murray
|
|
Batting: LHB Terry Ebersole
|
0-0: Called Strike 0-1: SINGLE (Groundball, 4D, EV 95.0 MPH)
|
Batting: LHB Willie Ceniceros
|
0-0: Ball 1-0: Ball 2-0: Swinging Strike 2-1: Ground out 6-3 (Groundball, 4, EV 97.5 MPH) Terry Ebersole to second
|
Batting: RHB Brian Rogers
|
0-0: Intentional Walk
|
Batting: RHB Cesar Martinez
|
0-0: Fielders Choice at 2nd, 3-6 (Groundball, 34, EV 103.8 MPH) Terry Ebersole to third
|
Batting: LHB Kevin Kantor
|
0-0: Swinging Strike 0-1: Swinging Strike 0-2: Ball 1-2: Strikes out swinging
|
Bottom of the 7th over - 0 runs, 1 hit, 0 errors, 2 left on base; Memphis 3 - Sacramento 5 |
TOP OF THE 8TH |
Memphis Redbirds batting - Pitching for Sacramento River Cats : RHP Doug Kennie
|
Pitching: RHP Jonathan Simi
|
|
Now at 1B: Kevin Kantor
|
|
Now at 3B: Billy Pranger
|
|
Batting: LHB John Bailey
|
0-0: Called Strike 0-1: Ball 1-1: Ball 2-1: SINGLE (Groundball, 4D, EV 96.2 MPH)
|
Batting: RHB Josh Martin
|
0-0: Swinging Strike 0-1: Foul Ball, location: 2F 0-2: Strikes out looking
|
Batting: RHB Fortunato Fteira
|
0-0: Ball 1-0: Called Strike 1-1: Ball 2-1: Called Strike 2-2: Ball 3-2: Strikes out looking John Bailey is caught stealing 2nd base 2-4 Batter strikes out.
|
Top of the 8th over - 0 runs, 1 hit, 0 errors, 0 left on base; Memphis 3 - Sacramento 5 |
BOTTOM OF THE 8TH |
Sacramento River Cats batting - Pitching for Memphis Redbirds : LHP John Murray
|
Pitching: RHP Josh Sabatino
|
|
Batting: RHB Matt Shepard
|
0-0: Called Strike 0-1: Swinging Strike 0-2: Ball 1-2: Foul Ball, location: 2F 1-2: SINGLE (Groundball, 6MD, EV 95.6 MPH)
|
Batting: RHB Dave Crouch
|
0-0: Swinging Strike 0-1: Ball 1-1: Foul Ball, location: 2F 1-2: Strikes out swinging
|
Batting: RHB Hugo Zacarias
|
0-0: Called Strike 0-1: Ball 1-1: Swinging Strike 1-2: Strikes out swinging Matt Shepard is caught stealing 2nd base 2-4 Batter strikes out.
|
Bottom of the 8th over - 0 runs, 1 hit, 0 errors, 0 left on base; Memphis 3 - Sacramento 5 |
TOP OF THE 9TH |
Memphis Redbirds batting - Pitching for Sacramento River Cats : RHP Jonathan Simi
|
Pitching: RHP Takashi Kino
|
|
Batting: LHB Adam Eisen
|
0-0: Called Strike 0-1: Swinging Strike 0-2: Strikes out swinging
|
Batting: RHB Fabrice Bertin
|
0-0: Called Strike 0-1: Called Strike 0-2: Ball 1-2: Ground out 6-3 (Groundball, 6, EV 85.0 MPH)
|
Batting: LHB Kyle Schaible
|
0-0: Foul Ball, location: 2F 0-1: Ball 1-1: Foul Ball, location: 2F 1-2: SINGLE (Groundball, 4, EV 101.9 MPH)
|
Batting: RHB Jeff Brower
|
0-0: Called Strike 0-1: Swinging Strike 0-2: Fielders Choice at 2nd, 5-4 (Groundball, 56, EV 105.6 MPH)
|
Top of the 9th over - 0 runs, 1 hit, 0 errors, 1 left on base; Memphis 3 - Sacramento 5 |
|